 Dungeon Crawl Stone Soup version 0.19-a0-1676-g39ae8cc (webtiles) character file.

172 Amnesiac the Digger (level 5, 28/28 HPs)
             Began as a Deep Elf Earth Elementalist on Sept 23, 2016.
             Quit the game in the Ecumenical Temple.
             The game lasted 00:02:20 (1284 turns).

Amnesiac the Digger (Deep Elf Earth Elementalist)   Turns: 1284, Time: 00:02:20

Health: 28/28      AC:  2    Str:  5    XL:     5   Next: 27%
Magic:  12/14      EV: 13    Int: 21    God:
Gold:   73         SH:  0    Dex: 15    Spells: 3 memorised, 7 levels left

rFire  . . .     SeeInvis .     b - 13 stones
rCold  . . .     Gourm    .     c - +0 robe
rNeg   . . .     Faith    .     (no shield)
rPois  .         Spirit   .     (no helmet)
rElec  .         Dismiss  .     (no cloak)
rCorr  .         Reflect  .     (no gloves)
MR     .....     Harm     .     (no boots)
Stlth  ++........               (no amulet)
                                (no ring)
                                (no ring)

@: no status effects
A: no striking features
a: no special abilities


You were in the Ecumenical Temple.
You were not hungry.

You visited 2 branches of the dungeon, and saw 5 of its levels.

You collected 73 gold pieces.

Inventory:

Hand Weapons
 a - a +0 dagger
Missiles
 b - 13 stones (in hand)
Armour
 c - a +0 robe (worn)
Wands
 k - a wand of iceblast (7/15)
Scrolls
 f - 2 scrolls of enchant armour {unknown}
 h - a scroll of recharging {unknown}
 i - a scroll of fear {unknown}
 j - 2 scrolls of identify {unknown}
 l - a scroll of amnesia {unknown}
 n - a scroll of fog {unknown}
Potions
 g - 3 potions of curing {unknown}
Books
 e - a book of Geomancy

   Spells                             Type                      Level
   a - Sandblast                      Earth                        1
   b - Passwall                       Transmutation/Earth          2
   c - Stone Arrow                    Conjuration/Earth            3
   d - Petrify                        Transmutation/Earth          4
   e - Lee's Rapid Deconstruction     Earth                        5
Comestibles
 d - a bread ration
 m - 10 chunks of flesh


   Skills:
 - Level 2.4 Dodging
 - Level 2.4 Stealth
 + Level 4.9 Spellcasting
 - Level 1.1 Transmutations
 * Level 5.7 Earth Magic


You had 7 spell levels left.
You knew the following spells:

 Your Spells              Type           Power        Failure   Level  Hunger
f - Stone Arrow           Conj/Erth      ###...       12%         3    ##.....
v - Passwall              Tmut/Erth      ###.......   4%          2    None
z - Sandblast             Erth           ####..       1%          1    None


Dungeon Overview and Level Annotations

Branches:
Dungeon (4/15)             Temple (1/1) D:4

Altars:
Ashenzari
Elyvilon
Fedhas
Gozag
Hepliaklqana
Makhleb
Nemelex Xobeh
Okawaru
Qazlal
Ru
Uskayaw
Vehumet
Xom
Yredelemnul
Zin
The Shining One


Message History

Press: ? - help, Shift-Dir - straight line, f/p - worker ant
Aim: a worker ant (heavily wounded)
The rocky blast hits the worker ant.
The worker ant is almost dead.
The worker ant bites you.
Casting: Sandblast
Confirm with . or Enter, or press ? or * to list all spells.
Aiming: Sandblast
Press: ? - help, Shift-Dir - straight line, f/p - worker ant
Aim: a worker ant (almost dead)
The rocky blast hits the worker ant.
You kill the worker ant!
You see here a worker ant corpse.
You butcher the worker ant corpse.
m - 10 chunks of flesh (gained 1)
There is a staircase to the Ecumenical Temple here.
You climb downwards.
Welcome to the Ecumenical Temple!
Found fifteen altars.
There is a staircase back to the Dungeon here.
Are you sure you want to abandon this character and quit the game? (Confirm with "yes".)

§§§.§§§§§§§.§.§
§§§§.§§§§§§§.§.
§§§§§§§.§§§§§§§
.§§_._._._._§§.
.§..........§§§
§§§_......._§§.
.§§.........§§§
§§§....@..._§§§
..§.........§§§
§§._......._§§§
§§§.........§§.
§§§_._._._._§§.
§§..§§§§§§§§§§§
§§§§.§§§§§§§§§.
§§§§§§§.§.§§§§§


There were no monsters in sight!

Vanquished Creatures
  An orc priest (D:4)
  2 orc wizards (D:4)
  2 worker ants (D:4)
  The ghost of Amnesiac the Digger, a weakling DEEE (D:4)
  An adder (D:4)
  A leopard gecko (D:2)
  6 orcs (D:4)
  2 bats
  A goblin (D:2)
  A hobgoblin (D:2)
  2 kobolds
  2 frilled lizards (D:4)
  A rat (D:2)
23 creatures vanquished.

Notes
Turn   | Place    | Note
-------+----------+-------------------------------------------
     0 | D:1      | Amnesiac the Deep Elf Earth Elementalist began the quest for the Orb.
     0 | D:1      | Reached XP level 1. HP: 10/10 MP: 6/6
    33 | D:1      | You fall through a shaft!
   257 | D:2      | Reached XP level 2. HP: 11/15 MP: 6/8
   263 | D:2      | Learned a level 2 spell: Passwall
   296 | D:3      | Found a sacrificial altar of Ru.
   433 | D:4      | Noticed Amnesiac's ghost (weakling DEEE)
   501 | D:4      | Killed Amnesiac's ghost
   501 | D:4      | Reached skill level 4 in Earth Magic
   613 | D:4      | Reached XP level 3. HP: 19/19 MP: 4/10
   665 | D:4      | Reached XP level 4. HP: 11/24 MP: 9/12
   690 | D:4      | Learned a level 3 spell: Stone Arrow
   856 | D:4      | Reached skill level 5 in Earth Magic
  1187 | D:4      | Reached XP level 5. HP: 28/28 MP: 8/14
  1267 | D:4      | Found a staircase to the Ecumenical Temple.
  1283 | Temple   | Entered the Ecumenical Temple
  1284 | Temple   | Quit the game

Vault maps used:
D:1:      lemuel_arrival_room, minmay_misc_feat_iff
D:3:      first_bread, nicolae_ru_path_of_blood, uniq_grinder
Temple:   minmay_freezing_vapour_temple

Skill      XL: |  1  2  3  4 |
---------------+-------------+-----
Earth Magic    | 4 5 |  5.7
Spellcasting   | 4 |  4.9
Dodging        | |  2.4
Stealth        | |  2.4
Transmutations | |  1.1

Action                   |  1- 3 |  4- 6 || total
-------------------------+-------+-------++-------
 Cast: Sandblast         |    30 |    19 ||    49
  Eat: Chunk             |       |     1 ||     1
Armor: Robe              |     1 |       ||     1
Dodge: Dodged            |     9 |     2 ||    11
